Map: 新奇之地-天梯版

Players

TIME (Oliveira)

  • Race: Terran Terran
  • League: Grandmaster

Solar - Winner!

  • Race: Zerg Zerg
  • League: Master

Event: DreamHack SC2 Masters Last Chance 2022

VOD

Have the link to the VOD?

Description

Time

  • Played on: Dec. 15, 2021, 5:01 a.m.
  • Length: 10:53

All games in this series

Show
View Real Time Build Order
Export as new Build Order

TIME Terran 

Build Orders: Reaper Expand 

Get SALT Encoding   

  12  0:00  SCV  
  13  0:12  SCV  
  14  0:17  Supply Depot  
  14  0:24  SCV  
  15  0:38  SCV  
  15  0:40  Barracks  
  16  0:43  Refinery  
  16  0:50  SCV  
  17  1:03  SCV  
  18  1:15  SCV  
  19  1:27  Reaper, Orbital Command  
  20  1:38  Command Center  
  20  1:47  Supply Depot  
  20  1:53  SCV  
  21  1:59  Marine  
  22  2:08  SCV  
  22  2:13  Factory  
  22  2:15  Refinery  
  23  2:21  SCV  
  24  2:26  Barracks Reactor  
  24  2:33  SCV  
  25  2:45  SCV  
  26  2:54  Orbital Command  
  26  2:57  SCV  
  26  2:58  Starport  
  31  3:05  Hellion  
  31  3:06  Hellion  
  31  3:09  SCV  
  31  3:11  Barracks Tech Lab  
  32  3:19  SCV  
  33  3:21  SCV  
  33  3:24  Supply Depot  
  38  3:27  Hellion x2  
  38  3:32  SCV  
  38  3:33  SCV  
  38  3:34  Stimpack  
  41  3:36  Viking  
  42  3:43  Marine  
  42  3:44  SCV  
  42  3:45  SCV  
  45  3:51  Barracks  
  42  3:55  Orbital Command  
  42  3:56  Factory Tech Lab  
  42  4:00  SCV  
  42  4:01  Marine  
  35  4:09  Starport Reactor  
  34  4:11  Barracks  
  34  4:12  SCV  
  35  4:17  Siege Tank  
  35  4:19  Marine  
  35  4:22  SCV  
  40  4:28  SCV  
  39  4:34  SCV  
  39  4:37  Marine  
  39  4:38  Marine  
  40  4:39  Marine  
  40  4:40  SCV  
  42  4:46  SCV  
  42  4:52  SCV  
  44  4:53  Starport Reactor  
  44  4:54  Marine  
  44  4:56  Marine  
  44  4:59  Supply Depot x2  
  46  5:14  Engineering Bay  
  46  5:16  Refinery  
  46  5:20  SCV, Siege Tank, Marine x4  
  46  5:21  SCV, Combat Shield, Marine  
  56  5:26  Supply Depot  
  56  5:33  Medivac  
  56  5:34  Medivac  
  56  5:35  SCV  
  61  5:36  SCV  
  61  5:40  Supply Depot  
  62  5:47  Marine x3  
  62  5:48  Marine x2  
  67  5:51  SCV x2  
  67  5:55  Terran Infantry Weapons Level 1  
  69  6:04  Siege Tank  
  72  6:05  Marine x2  
  72  6:09  Marine  
  75  6:14  SCV  
  75  6:16  Marine  
  76  6:18  SCV, Refinery  
  76  6:21  Marine  
  78  6:40  Supply Depot x2  
  78  6:43  Medivac, Marine  
  78  6:48  SCV x2, Marine  
  78  6:50  Marine  
  78  7:00  Marine x2  
  77  7:01  SCV, Marine  
  77  7:02  Medivac, Siege Tank, Command Center  
  77  7:06  SCV, Marine  
  77  7:08  Marine  
  87  7:09  Supply Depot  
  87  7:13  SCV  
  88  7:16  Liberator  
  88  7:18  Marine x2  
  88  7:20  Marine  
  94  7:31  SCV x2, Marine  
  94  7:33  Marine  
  98  7:38  Marine  
  98  7:39  Siege Tank  
  97  7:52  Marine x2  
  97  7:53  Medivac  
  98  8:00  Marine  
  98  8:04  Marine  
  98  8:05  Barracks x2  
  100  8:09  Marine  
  100  8:12  SCV x2  
  102  8:14  Liberator  
  102  8:15  Supply Depot, Orbital Command  
  102  8:17  Marine x2  
  107  8:22  Terran Infantry Armor Level 1  
  107  8:26  Marine  
  107  8:27  Marine x2  
  110  8:35  Marine  
  110  8:36  SCV  
  110  8:37  Siege Tank  
  110  8:38  Orbital Command  
  116  8:45  SCV  
  116  8:48  SCV, Armory  
  117  8:49  Engineering Bay  
  117  8:53  Barracks Reactor x2  
  117  8:55  Supply Depot  
  117  8:56  Supply Depot  
  117  9:04  Marine  
  117  9:05  Marine  
  117  9:06  Marine x2  
  117  9:08  SCV x2  
  117  9:09  SCV  
  124  9:11  Supply Depot  
  124  9:16  Marine  
  128  9:17  Siege Tank  
  128  9:19  Liberator  
  131  9:26  Marine x2  
  131  9:27  Liberator  
  131  9:30  SCV x2  
  138  9:31  SCV  
  138  9:35  Supply Depot  
  139  9:41  Marine  
  139  9:42  Marine  
  139  9:43  Marine  
  139  9:44  SCV  
  144  9:48  Supply Depot  
  144  9:51  Marine x3  
  146  9:54  Siege Tank  
  146  9:56  Marine  
  151  10:02  Supply Depot  
  151  10:05  Supply Depot  
  147  10:09  Marine x3  
  153  10:14  Marine x2  
  153  10:16  Marine x2  
  153  10:19  Marine x2  
  161  10:26  Marine  
  161  10:27  Marine  
  161  10:28  Marine  
  164  10:32  Marine x2  
Show
View Real Time Build Order
Export as new Build Order

Solar Zerg - Winner!

Build Orders: Hatch First 

Get SALT Encoding   

  12  0:01  Drone  
  13  0:12  Overlord  
  13  0:16  Drone  
  14  0:30  Drone x2  
  16  0:47  Hatchery  
  15  0:51  Drone  
  15  0:54  Drone  
  17  0:58  Drone  
  18  1:08  Extractor  
  17  1:13  Spawning Pool  
  17  1:16  Drone  
  17  1:19  Drone  
  18  1:27  Drone  
  19  1:39  Drone  
  20  1:51  Drone  
  21  1:59  Queen x2  
  21  2:00  Zergling x4  
  27  2:14  Overlord  
  27  2:15  Metabolic Boost, Drone  
  28  2:29  Hatchery  
  27  2:30  Drone  
  27  2:34  Drone  
  29  2:42  Queen  
  31  2:45  Overlord  
  31  2:49  Drone  
  32  2:55  Overlord  
  32  3:05  Zergling x10  
  37  3:12  Zergling x6  
  40  3:14  Zergling x2  
  40  3:15  Zergling x2  
  40  3:17  Zergling x2  
  43  3:28  Drone x2  
  43  3:29  Queen  
  47  3:34  Overlord  
  47  3:43  Queen  
  47  3:44  Drone x2  
  47  3:46  Drone  
  52  3:49  Zergling x2  
  52  3:51  Zergling x2  
  54  3:58  Drone  
  54  3:59  Drone x4  
  58  4:05  Overlord  
  58  4:06  Drone  
  57  4:11  Drone  
  57  4:13  Drone x2  
  57  4:15  Queen  
  61  4:18  Drone  
  61  4:20  Drone  
  60  4:27  Drone  
  60  4:28  Overlord  
  60  4:29  Drone x2  
  60  4:30  Drone  
  64  4:31  Drone  
  64  4:33  Drone  
  64  4:35  Drone  
  64  4:36  Drone  
  65  4:40  Drone x3  
  68  4:46  Baneling Nest  
  68  4:47  Drone x2  
  68  4:49  Drone, Extractor  
  68  4:50  Extractor  
  68  4:51  Drone  
  68  4:52  Drone  
  70  4:54  Drone  
  70  4:55  Overlord  
  71  5:01  Drone x4  
  71  5:03  Drone x2  
  71  5:05  Overlord  
  77  5:10  Overlord  
  77  5:14  Lair  
  77  5:16  Drone x2  
  77  5:17  Drone, Extractor  
  77  5:20  Drone, Extractor  
  79  5:25  Evolution Chamber  
  79  5:26  Drone x3  
  79  5:27  Evolution Chamber  
  80  5:30  Zergling x8  
  84  5:35  Zergling x6  
  84  5:36  Zergling x4  
  84  5:40  Overlord  
  89  5:43  Drone  
  89  5:49  Zergling x6  
  93  5:56  Zerg Ground Armor Level 1, Hatchery, Zerg Melee Weapons Level 1  
  92  6:01  Drone x2  
  92  6:03  Drone  
  94  6:05  Zergling x12  
  94  6:09  Baneling x2  
  94  6:10  Baneling x8  
  99  6:14  Centrifugal Hooks  
  99  6:15  Zergling x2  
  99  6:16  Zergling x2  
  99  6:18  Zergling x4  
  103  6:20  Zergling x2  
  103  6:25  Overlord  
  104  6:27  Zergling x4  
  104  6:32  Overlord  
  106  6:35  Queen, Overlord  
  106  6:44  Zergling x12  
  106  6:45  Zergling x6  
  97  6:48  Zergling x2  
  94  6:56  Baneling x3  
  94  6:59  Zergling x6  
  96  7:05  Zergling x14  
  103  7:09  Baneling x5  
  103  7:11  Zergling x6, Queen  
  103  7:14  Baneling x2  
  108  7:16  Hatchery  
  108  7:18  Hydralisk Den, Zergling x4  
  108  7:23  Zergling x6  
  111  7:31  Baneling x2  
  111  7:36  Zergling x18  
  120  7:42  Overlord  
  120  7:43  Zergling x4  
  112  7:56  Overlord  
  112  7:57  Drone x5, Zerg Melee Weapons Level 2, Zerg Ground Armor Level 2  
  116  8:06  Drone  
  116  8:07  Drone  
  116  8:09  Hydralisk, Drone  
  116  8:10  Hydralisk x2  
  123  8:13  Grooved Spines  
  123  8:19  Hydralisk x2  
  127  8:24  Overlord  
  127  8:25  Zergling x8  
  131  8:28  Overseer, Baneling x4  
  131  8:29  Queen  
  131  8:30  Drone x2  
  131  8:31  Zergling x6  
  138  8:35  Hydralisk  
  138  8:37  Baneling x4  
  138  8:39  Zergling x2  
  141  8:42  Zergling x8  
  141  8:43  Zergling x2  
  141  8:44  Overlord  
  145  8:52  Hydralisk x3  
  151  8:55  Overlord  
  151  8:57  Overlord  
  151  8:58  Overlord  
  151  9:00  Baneling x2  
  151  9:03  Zergling x8  
  151  9:05  Baneling x6, Hatchery  
  151  9:06  Baneling  
  151  9:09  Drone x3  
  157  9:10  Drone  
  157  9:15  Zergling x4  
  157  9:16  Zergling x6  
  163  9:20  Zergling x2  
  163  9:23  Zergling x10  
  168  9:24  Muscular Augments  
  168  9:26  Overlord  
  168  9:29  Hydralisk  
  169  9:33  Hydralisk x2, Zergling x2  
  169  9:34  Zergling x4  
  174  9:39  Overlord  
  174  9:40  Zergling x8  
  173  9:46  Drone  
  173  9:47  Drone  
  175  9:54  Drone x3  
  175  9:57  Spore Crawler  
  176  10:00  Drone  
  176  10:02  Drone, Hydralisk x5  
  176  10:03  Zergling x4  
  188  10:07  Zergling x8  
  191  10:16  Zergling x8  
  191  10:18  Baneling x9  
  191  10:20  Baneling x4  
  191  10:21  Baneling x8  
  195  10:22  Baneling x3  
  195  10:27  Baneling x6  
  195  10:28  Baneling x5  
  195  10:29  Zergling x2  
  195  10:30  Zergling x2  

Tags
 
Add a new tag
Caveats
  • Supply blocks, unpowered buildings, or Contaminate may cause inaccurate times.
  • Supply counts are checked every 10 seconds.